AoeStats
← Azaghâl

Arena

506486619Analyzed
4v4 RM · 17d ago on Sep 13, 2026· 60m 54s· 8 players
Game mode
Random Map
Map size
Large (8 player)
Population
200
Speed
Normal
Resources
Standard
Victory
Conquest
Starting age
Dark Age
Ending age
Imperial Age
RankedLock teamsTeams togetherTeam positionsShared explorationLock speedFull tech treeHidden civsTurbo modeCheats
Victory
Defeat
🇬🇧 Britons · United Kingdom
924
+11
🇨🇳 Gurjaras · China
869
+13
🇩🇪 Romans · Germany
837
+15
🇨🇳 Hindustanis · China
788
+17
🇩🇪 Britons · Germany
834
-15
🇧🇷 Teutons · Brazil
817
-14
🇬🇧 Aztecs · United Kingdom
802
-14
🇮🇳 Khmer · India
786
-13
Thorrado
0:35 Loom
12:22 Feudal Age
13:17 Double-Bit Axe
13:56 Horse Collar
22:18 Castle Age
21:40 Forging
22:50 Pikeman
23:31 Squires
23:16 Gambesons
23:55 Bloodlines
25:51 Wheelbarrow
27:20 Iron Casting
26:36 Fletching
27:32 Heavy Plow
27:20 Elite Skirmisher
28:43 Scale Barding Armor
31:48 Bodkin Arrow
31:54 Padded Archer Armor
35:58 Imperial Age
39:23 Elite Teutonic Knight
42:04 Blast Furnace
41:04 Scale Mail Armor
41:46 Fortified Wall
42:59 Cavalier
44:08 Ironclad
46:54 Chemistry
46:58 Paladin
55:58 Bow Saw
56:32 Halberdier
57:36 Chain Mail Armor
SeedyTed
2:46 Loom
11:47 Feudal Age
12:18 Double-Bit Axe
14:21 Wheelbarrow
13:46 Horse Collar
19:10 Gold Mining
19:12 Stone Mining
19:36 Forging
19:27 Scale Mail Armor
26:16 Castle Age
30:48 Hand Cart
31:08 Eagle Warrior
31:50 Squires
32:33 Iron Casting
32:13 Chain Mail Armor
34:09 Stone Shaft Mining
34:10 Gold Shaft Mining
33:50 Bow Saw
35:05 Padded Archer Armor
34:55 Fletching
39:23 Imperial Age
43:55 Caravan
43:30 Crossbowman
43:31 Elite Skirmisher
46:19 Garland Wars
54:22 Pikeman
58:41 Elite Eagle Warrior
General Herald
14:23 Feudal Age
18:04 Castle Age
19:54 Sanctity
22:39 Imperial Age
20:36 Horse Collar
21:00 Double-Bit Axe
22:27 Bow Saw
24:28 Heavy Plow
26:23 Loom
27:13 Wheelbarrow
26:23 Town Watch
28:36 Hand Cart
28:21 Town Patrol
29:22 Bloodlines
29:12 Husbandry
29:31 Light Cavalry
29:43 Light Cavalry
31:41 Fervor
31:25 Gold Mining
31:25 Stone Mining
32:47 Chemistry
33:10 Hussar
33:47 Pikeman
35:24 Forging
35:45 Scale Barding Armor
36:14 Halberdier
36:37 Cavalier
38:28 Iron Casting
37:53 Scale Mail Armor
38:13 Chain Barding Armor
41:27 Gold Shaft Mining
41:27 Stone Shaft Mining
42:10 Blast Furnace
41:25 Chain Mail Armor
43:34 Elite Battle Elephant
44:54 Stone Shaft Mining
46:38 Chain Mail Armor
46:58 Plate Barding Armor
46:52 Ballistics
46:29 Murder Holes
47:23 Tusk Swords
47:47 Conscription
47:21 Elite Ballista Elephant
49:39 Double Crossbow
Johann Gustav
11:39 Feudal Age
13:52 Wheelbarrow
Hannibal Barca
5:17 Loom
12:27 Feudal Age
16:31 Castle Age
16:40 Stone Mining
16:40 Double-Bit Axe
16:38 Horse Collar
17:56 Bow Saw
22:41 Heavy Plow
25:51 Fletching
26:02 Scale Mail Armor
27:14 Bodkin Arrow
27:21 Padded Archer Armor
27:01 Pikeman
29:22 Fortified Wall
29:33 Ballistics
29:24 Masonry
30:30 Murder Holes
30:55 Chain Mail Armor
30:57 Leather Archer Armor
30:52 Forging
35:25 Imperial Age
33:30 Wheelbarrow
32:41 Town Watch
34:25 Yeomen
34:13 Squires
34:08 Gold Mining
37:41 Coinage
38:47 Elite Longbowman
39:59 Conscription
40:15 Hoardings
40:38 Siege Engineers
41:34 Chemistry
41:17 Warwolf
41:52 Architecture
41:04 Treadmill Crane
42:03 Gold Shaft Mining
40:54 Halberdier
41:37 Bracer
42:08 Ring Archer Armor
42:09 Plate Mail Armor
42:15 Iron Casting
44:36 Caravan
45:33 Man-at-Arms
45:58 Gambesons
57:31 Murder Holes
59:23 Banking
Azaghâl
11:51 Feudal Age
13:05 Town Watch
13:08 Horse Collar
13:16 Double-Bit Axe
16:56 Loom
17:46 Wheelbarrow
21:05 Castle Age
24:20 Town Patrol
24:37 Hand Cart
24:44 Bow Saw
27:44 Bloodlines
27:41 Scale Barding Armor
31:32 Pikeman
32:52 Squires
33:36 Forging
33:27 Scale Mail Armor
33:21 Fletching
33:46 Heavy Plow
36:13 Man-at-Arms
38:13 Masonry
38:00 Murder Holes
42:10 Ballistics
41:15 Long Swordsman
42:36 Iron Casting
42:18 Chain Mail Armor
42:25 Chain Barding Armor
42:01 Bodkin Arrow
44:40 Ballistas
47:20 Imperial Age
49:20 Conscription
48:51 Halberdier
49:23 Legionary
49:29 Capped Ram
49:30 Heavy Scorpion
51:10 Siege Ram
54:07 Blast Furnace
53:44 Plate Barding Armor
54:14 Chemistry
53:23 Siege Engineers
53:50 Architecture
56:25 Crop Rotation
56:05 Caravan
fjk
11:13 Feudal Age
12:38 Wheelbarrow
11:51 Double-Bit Axe
11:50 Horse Collar
12:26 Gold Mining
17:39 Stone Mining
20:09 Castle Age
21:09 Hand Cart
21:10 Heavy Plow
21:25 Bow Saw
21:55 Stone Shaft Mining
24:25 Gold Shaft Mining
26:27 Grand Trunk Road
28:36 Forging
28:31 Scale Barding Armor
28:27 Scale Mail Armor
31:46 Imperial Age
29:02 Town Watch
29:20 Loom
31:02 Chain Barding Armor
31:18 Iron Casting
31:46 Husbandry
31:57 Bloodlines
32:54 Conscription
32:39 Caravan
32:07 Heavy Camel Rider
33:28 Plate Barding Armor
34:00 Two-Man Saw
34:43 Blast Furnace
34:22 Hoardings
34:15 Fortified Wall
34:19 Masonry
35:26 Chemistry
35:21 Fletching
34:56 Imperial Camel Rider
36:07 Siege Engineers
37:11 Thumb Ring
36:27 Elite Skirmisher
37:11 Bodkin Arrow
37:17 Padded Archer Armor
41:27 Ballistics
42:04 Shatagni
42:16 Bracer
44:32 Leather Archer Armor
45:44 Ring Archer Armor
52:34 Murder Holes
56:12 Elite Skirmisher
紫幽冰云
Connection lost

Rejoining the realm…

Still unreachable

The connection could not be restored.

Session expired

The server has moved on; the page needs a fresh start.